 Dungeon Crawl Stone Soup version 0.28-a0-29-g0adfcbbeba (webtiles) character file.

Game seed: 2908947390366745254

4822 Conn the Covert (level 10, 0/63 HPs)
             Began as an Octopode Fire Elementalist on July 26, 2021.
             Was a Believer of Sif Muna.
             Killed by miscasting Fireball (13 damage)
             ... on level 8 of the Dungeon.
             The game lasted 00:29:13 (10947 turns).

Conn the Covert (Octopode Fire Elementalist)       Turns: 10947, Time: 00:29:13

Health: 0/63       AC:  1    Str:  5    XL:     10   Next: 48%
Magic:  3/26       EV: 14    Int: 24    God:    Sif Muna [**....]
Gold:   371        SH:  0    Dex: 12    Spells: 3/21 levels left

rFire   . . .      SeeInvis .   f - +5 dagger (elec)
rCold   . . .      Faith    .   (no shield)
rNeg    . . .      Spirit   .   (helmet restricted)
rPois   +          Reflect  .   (no amulet)
rElec   .          Harm     .   a - ring of resist corrosion
rCorr   +          Rampage  .   h - ring of poison resistance
Will    .....                   k - ring of flight
Stlth   +++++.....              e - ring of magical power
HPRegen 0.20/turn               (no ring)
MPRegen 0.20/turn               (no ring)
                                (no ring)
                                (no ring)

@: flying, very slightly contaminated
A: almost no armour, amphibious, 8 rings, camouflage 1, gelatinous body 1,
(nimble swimmer 1), tentacles, clever 1, low mp 1, weak 1, wild magic 1,
evolution 2, MP-powered wands
a: Renounce Religion, Channel Magic


You were on level 8 of the Dungeon.
You worshipped Sif Muna.
Sif Muna was pleased with you.
You visited 2 branches of the dungeon, and saw 9 of its levels.

You collected 371 gold pieces.

Inventory:

Hand Weapons
 b - a +0 dagger
 f - a +5 dagger of electrocution (weapon)
Missiles
 i - 16 poisoned darts (quivered)
Jewellery
 a - a ring of resist corrosion (left tentacle)
 e - a ring of magical power (on tentacle)
 h - a ring of poison resistance (right tentacle)
 k - a ring of flight (on tentacle)
Wands
 g - a wand of paralysis (12)
 n - a wand of charming (13)
 o - a wand of polymorph (8)
 p - a wand of flame (26)
Scrolls
 c - 11 scrolls of identify
 j - 3 scrolls of amnesia
 s - a scroll of magic mapping
 u - a scroll of enchant weapon
 v - a scroll of blinking
 w - a scroll of vulnerability {unknown}
Potions
 d - 3 potions of degeneration
 l - 3 potions of magic {unknown}
 m - 2 potions of mutation
 q - 2 potions of flight
 r - a potion of might
 t - a potion of cancellation {unknown}


   Skills:
 + Level 3.2 Fighting
 + Level 3.6 Short Blades
 + Level 4.0 Dodging
 + Level 10.2 Stealth
 + Level 6.2 Spellcasting
 * Level 5.6 Conjurations
 + Level 1.1 Hexes
 * Level 6.9 Fire Magic
 * Level 5.2 Invocations


You had 3 spell levels left.
You knew the following spells:

 Your Spells              Type           Power      Damage    Failure   Level
a - Foxfire               Conj/Fire      100%       2x1d9     1%          1
b - Conjure Flame         Conj/Fire      48%        6-21      3%          3
c - Inner Flame           Hex/Fire       34%        N/A       7%          3
d - Sticky Flame          Conj/Fire      48%        2d7       10%         4
e - Fireball              Conj/Fire      24%        3d11      22%         5
f - Searing Ray           Conj           88%        3d6       2%          2

Your spell library contained the following spells:

 Spells                   Type           Power      Damage    Failure   Level
 Magic Dart               Conj           100%       1d8       1%          1
 Corona                   Hex            17%        N/A       8%          1
 Ensorcelled Hibernation  Hex/Ice        26%        N/A       14%         2
 Tukima's Dance           Hex            16%        N/A       21%         3
 Spider Form              Tmut/Pois      4%         N/A       32%         3
 Fulminant Prism          Conj/Hex       15%        3d11      26%         4
 Animate Dead             Necr           4%         N/A       69%         4
 Borgnjor's Vile Clutch   Necr/Erth      4%         N/A       95%         5
 Death Channel            Necr           4%         N/A       100%        6
 Shadow Creatures         Summ           N/A        N/A       100%        6


Dungeon Overview and Level Annotations

Branches:
Dungeon (8/15)             Temple (1/1) D:5
   Lair: D:8-11

Altars:
Ashenzari
Dithmenos
Elyvilon
Fedhas
Gozag
Kikubaaqudgha
Makhleb
Nemelex Xobeh
Okawaru
Qazlal
Ru
Sif Muna
Trog
Uskayaw
Vehumet
Wu Jian
Xom
Yredelemnul
Zin
The Shining One

Shops:
D:2 *   D:5 (


Innate Abilities, Weirdness & Mutations

You cannot wear most types of armour.
You are amphibious.
You can wear up to eight rings at the same time.
Your skin changes colour to match your surroundings (Stealth+).
Your rubbery body absorbs attacks. (AC +1, EV +1)
((You are camouflaged near water. (Stealth+)))
You have tentacles for arms and can constrict up to eight enemies at once.
Your mind is acute. (Int +2)
Your magical capacity is low. (-10% MP)
You are weak. (Str -2)
Your spells are a little harder to cast, but a little more powerful.
You rapidly evolve.
You expend magic power (3 MP) to strengthen your wands.


Message History

Press: ? - help, Shift-Dir - straight line, f - wight
Aim: a wight, wielding a +3 spear of freezing and wearing a +0 robe (chance to affect: 87%)
The wight is filled with an inner flame.
Casting: Inner Flame (dangerous; 7% risk of failure)
Confirm with . or Enter, or press ? or * to list all spells.
The spell is quite dangerous to cast (22% risk of failure)!
Continue anyway?
Aiming: Fireball (quite dangerous; 22% risk of failure)
Press: ? - help, Shift-Dir - straight line, f/p - wight
Aim: a wight, wielding a +3 spear of freezing and wearing a +0 robe (inner flame)
The fireball explodes!
The fireball engulfs the wight!
Flame seeps out of the wight.
The wight is almost destroyed.
The wight is engulfed in blazing flames.
Sif Muna accepts your kill.
The wight explodes!
You start resting.
A wight comes into view.
It is wielding a +4 hand axe of freezing.
Casting: Fireball (quite dangerous; 22% risk of failure)
Confirm with . or Enter, or press ? or * to list all spells.
You conjure some foxfire!
A wight comes into view.
It is wielding a +3 dagger and wearing a +2 robe of the Archmagi.
Casting: Foxfire (safe; 1% risk of failure)
Confirm with . or Enter, or press ? or * to list all spells.
You conjure some foxfire!
The foxfire hits the wight but does no damage.
The foxfire hits the wight.
The wight is lightly damaged.
The foxfire hits the wight but does no damage.
The wight is lightly damaged.
The foxfire hits the wight!
The wight is heavily damaged.
Casting: Foxfire (safe; 1% risk of failure)
Confirm with . or Enter, or press ? or * to list all spells.
The spell is quite dangerous to cast (22% risk of failure)!
Continue anyway?
Aiming: Fireball (quite dangerous; 22% risk of failure)
Press: ? - help, Shift-Dir - straight line You miscast Fireball.
You are very lightly contaminated with residual magic.
The air around you burns with energy!
You die...

#.....#+######+##
#.....# +.....#
#.....# .. #.....# ...
######.....#
....#######..........#
...............§§....#
.............z§@§....#
...........z..§§.....#
.....................#
...........○)☼.......#
....#####'#.°°.......#
....#....)'..........#
... +...).#..........#
.. #.....############
#####+#


You could see 2 wights.

Vanquished Creatures
  An orc knight (D:8)
  A cyclops (D:8)
  Grinder (D:4)
  A wyvern (D:8)
  Eustachio (D:6)
  2 water moccasins (D:8)
  2 orc warriors
  2 ice beasts
  A black bear (D:5)
  4 ogres
  2 necrophages (D:7)
  2 centaurs (D:8)
  A kobold brigand (D:8)
  Blork the orc (D:4)
  4 bullfrogs
  A gnoll sergeant (D:5)
  4 scorpions
  2 killer bees (D:8)
  14 wights
  2 howler monkeys (D:4)
  2 centaur zombies
  2 orc priests (D:8)
  A gnoll shaman (D:7)
  A hound (D:5)
  Crazy Yiuf (D:6)
  2 bullfrog skeletons (D:5)
  An iguana (D:4)
  3 orc wizards
  A hound skeleton (D:5)
  A howler monkey zombie (D:7)
  9 gnolls
  9 adders
  A river rat (D:5)
  A white imp (D:5)
  2 ufetubi
  4 worms
  2 dart slugs
  13 orcs
  17 bats
  9 endoplasms
  4 giant cockroaches
  5 goblins
  4 hobgoblins
  7 jackals
  4 quokkas
  8 ball pythons
  4 frilled lizards
  10 kobolds
  6 rats
183 creatures vanquished.

Vanquished Creatures (others)
  520 foxfires
520 creatures vanquished.

Grand Total: 703 creatures vanquished

Notes
Turn   | Place    | Note
-------+----------+-------------------------------------------
     0 | D:1      | Conn the Octopode Fire Elementalist began the quest for the
                  | Orb.
     0 | D:1      | Reached XP level 1. HP: 11/11 MP: 3/3
   331 | D:1      | Reached XP level 2. HP: 17/17 MP: 3/5
  1047 | D:1      | Reached XP level 3. HP: 21/21 MP: 6/6
  1051 | D:1      | Learned a level 3 spell: Conjure Flame
  1344 | D:2      | Reached skill level 3 in Stealth
  1862 | D:2      | Found a faded altar of an unknown god.
  1997 | D:2      | Found Guduxzuose's General Store.
  2509 | D:3      | Found a hide-covered altar of Uskayaw.
  2606 | D:3      | Reached XP level 4. HP: 22/27 MP: 0/7
  2798 | D:3      | Reached XP level 5. HP: 32/32 MP: 9/9
  2827 | D:3      | Gained mutation: You evolve. [potion of mutation]
  2827 | D:3      | Gained mutation: Your magical capacity is low. (-10% MP)
                  | [potion of mutation]
  2827 | D:3      | Gained mutation: Your mind is acute. (Int +2) [potion of
                  | mutation]
  2827 | D:3      | Gained mutation: You rapidly evolve. [potion of mutation]
  3182 | D:3      | Found a sparkling altar of Nemelex Xobeh.
  3616 | D:4      | Reached skill level 4 in Stealth
  3698 | D:4      | Reached XP level 6. HP: 37/37 MP: 4/9
  3722 | D:4      | Noticed an ice beast
  3730 | D:4      | Killed an ice beast
  3731 | D:4      | Reached skill level 1 in Fighting
  3731 | D:4      | Reached skill level 1 in Short Blades
  3786 | D:4      | Noticed Edmund
  3805 | D:4      | Learned a level 3 spell: Inner Flame
  3810 | D:4      | Learned a level 4 spell: Sticky Flame
  3840 | D:4      | Gained mutation: You expend magic power (3 MP) to
                  | strengthen your wands. [evolution]
  3843 | D:4      | HP: 1/38 [Edmund (5)]
  3846 | D:4      | Noticed Edmund
  3846 | D:4      | Edmund changed into Edmund the worm
  3848 | D:4      | Killed Edmund the worm
  4248 | D:4      | Noticed Grinder
  4265 | D:4      | Killed Grinder
  4266 | D:4      | Reached skill level 5 in Stealth
  4266 | D:4      | Reached XP level 7. HP: 20/43 MP: 0/11
  4880 | D:4      | Noticed Blork the orc
  4889 | D:4      | Killed Blork the orc
  4889 | D:4      | HP: 2/43 [spore (41)]
  4890 | D:4      | Reached skill level 6 in Stealth
  5252 | D:4      | Found a glowing golden altar of the Shining One.
  5328 | D:4      | Gained mutation: Your spells are a little harder to cast,
                  | but a little more powerful. [evolution]
  5396 | D:5      | Entered Level 5 of the Dungeon
  5677 | D:5      | HP: 1/43 [gnoll sergeant (2)]
  6014 | D:5      | Reached skill level 1 in Hexes
  6149 | D:5      | Found a staircase to the Ecumenical Temple.
  6178 | Temple   | Entered the Ecumenical Temple
  6492 | D:5      | Found a broken altar of Ashenzari.
  6510 | D:5      | Reached skill level 5 in Fire Magic
  6575 | D:5      | Reached XP level 8. HP: 28/48 MP: 2/12
  6766 | D:5      | Gained mutation: You are weak. (Str -2) [evolution]
  6807 | D:5      | Found a blossoming altar of Fedhas.
  7018 | D:5      | Found Sog Xav's Weapon Boutique.
  7267 | D:5      | Found an iron altar of Okawaru.
  7924 | D:5      | Learned a level 5 spell: Fireball
  8068 | D:6      | Found a shimmering blue altar of Sif Muna.
  8071 | D:6      | Became a worshipper of Sif Muna the Loreminder
  8459 | D:6      | Noticed Eustachio
  8474 | D:6      | Killed Eustachio
  8475 | D:6      | Reached skill level 5 in Spellcasting
  8638 | D:6      | Found a runed translucent door.
  8639 | D:6      | Noticed Crazy Yiuf
  8652 | D:6      | Killed Crazy Yiuf
  8653 | D:6      | Reached XP level 9. HP: 45/54 MP: 14/15
  9077 | D:6      | Reached skill level 7 in Stealth
  9597 | D:7      | Reached * piety under Sif Muna
  9879 | D:7      | Reached skill level 1 in Invocations
  9886 | D:7      | Learned a level 2 spell: Searing Ray
 10441 | D:8      | Reached skill level 8 in Stealth
 10441 | D:8      | Reached skill level 5 in Conjurations
 10520 | D:8      | Noticed a cyclops
 10522 | D:8      | Noticed a tengu warrior
 10652 | D:8      | Reached XP level 10. HP: 63/63 MP: 17/17
 10652 | D:8      | Reached ** piety under Sif Muna
 10656 | D:8      | Reached skill level 9 in Stealth
 10858 | D:8      | Killed a cyclops
 10862 | D:8      | Noticed an orc knight
 10872 | D:8      | Killed an orc knight
 10873 | D:8      | Reached skill level 10 in Stealth
 10873 | D:8      | Reached skill level 5 in Invocations
 10947 | D:8      | Killed by miscasting Fireball

Illustrated notes

Levels and vault maps discovered:
D:1:      amcnicky_arrival_underground_garden, layout_loops_ring,
          glass_columns_b
D:2:      minmay_thinvault, layout_basic, serial_shops, shop,
          chequers_ecumenical_altar_simple_redux
D:3:      layout_loops_cross, old_standard_altar,
          eat_drink_and_be_merry_uskayaw, goddamned_bats
D:4:      layout_loops_corners, nicolae_tso_swordbearing_angel,
          bh_walls_and_bars, uniq_blork_the_orc, uniq_grinder, uniq_edmund
D:5:      layout_cave_pods, mainiacjoe_overflow_boulevard,
          mainiacjoe_overflow_surrounded_room, kennysheep_mini,
          minmay_temple_entry_waves, lightli_sewer_entry_pipes, serial_shops,
          nicolae_shop_statue_plus
D:6:      layout_loops_cross, lemuel_blue_sif_altar, uniq_eustachio,
          uniq_crazy_yiuf_cottage
D:7:      layout_gridville, hangedman_abyss_or_decor_stagger
D:8:      layout_gridville, kennysheep_slug_shrine, minmay_the_grid_2x2
          [minmay_the_grid_broken_lines, minmay_the_grid_eight,
          minmay_the_grid_rooms, minmay_the_grid_prize_diamond_cup], uniq_erica,
          uniq_harold
Temple:   oiseaux_autumnal_temple

Skill      XL: |  1  2  3  4  5  6  7  8  9 10 |
---------------+-------------------------------+-----
Stealth        | 3 4 5 6 8 10 | 10.2
Spellcasting   | 3 4 5 6 |  6.2
Conjurations   | 2 3 4 5 |  5.6
Fire Magic     | 4 5 6 |  6.9
Fighting       | 1 2 3 |  3.2
Short Blades   | 1 3 |  3.6
Hexes          | 1 |  1.1
Dodging        | 3 4 |  4.0
Invocations    | 3 5 |  5.2

Action                   |  1- 3 |  4- 6 |  7- 9 | 10-12 || total
-------------------------+-------+-------+-------+-------++-------
Melee: Unarmed           |     5 |       |       |       ||     5
       Constrict         |     2 |     7 |    18 |       ||    27
       Dagger            |     5 |    29 |    82 |     5 ||   121
       Tentacles         |     1 |     4 |     9 |       ||    14
Throw: Throwing net      |       |       |       |     1 ||     1
 Cast: Foxfire           |    88 |    44 |   155 |    11 ||   298
       Inner Flame       |       |     3 |     2 |     3 ||     8
       Conjure Flame     |       |     2 |    12 |     2 ||    16
       Sticky Flame      |       |       |     2 |     5 ||     7
       Searing Ray       |       |       |     2 |     5 ||     7
       Fireball          |       |       |       |     1 ||     1
Invok: Channel Magic     |       |       |       |     1 ||     1
Evoke: Wand              |       |     1 |       |       ||     1
  Use: Scroll            |     5 |     4 |     5 |     1 ||    15
       Potion            |       |     8 |       |       ||     8
 Stab: Sleeping          |     3 |     7 |    18 |     3 ||    31
Armor: Skin              |     7 |       |     5 |     1 ||    13
Dodge: Dodged            |    33 |    18 |    60 |     6 ||   117

Table legend: (Time is in decaauts)
 A = Elapsed time spent in this place.
 B = Non-inter-level travel time spent in this place.
 C = Inter-level travel time spent in this place.
 D = Time resting spent in this place.
 E = Time spent auto-exploring this place.
 F = Levels seen in this place.
 G = Mean time per level.
                   A        B        C        D        E       F      G
               +--------+--------+--------+--------+--------+-----+--------+
         Total |  10915 |  10619 |    296 |   1763 |   6221 |   9 | 1212.8 |
       Dungeon |  10633 |  10362 |    271 |   1763 |   6082 |   8 | 1329.1 |
        Temple |    281 |    256 |     25 |      0 |    139 |   1 |  281.0 |
               +--------+--------+--------+--------+--------+-----+--------+

Top non-repeatable levels by time:
     D:4: 2229 daAuts
     D:5: 1982 daAuts
     D:1: 1279 daAuts
     D:6: 1240 daAuts
     D:3: 1231 daAuts
     D:2: 1228 daAuts
     D:7: 909 daAuts
     D:8: 533 daAuts
  Temple: 281 daAuts
